 Dungeon Crawl Stone Soup version 0.26-a0-665-gefeb406119 (webtiles) character file.

Game seed: 12696444106572427463

51 somkeydreadnuts the Shield-Bearer (level 3, -12/34 HPs)
             Began as a Deep Dwarf Fighter on Oct 15, 2020.
             Mangled by an ogre
             ... wielding a +0 giant club
              (15 damage)
             ... on level 3 of the Dungeon.
             The game lasted 00:03:45 (1780 turns).

somkeydreadnuts the Shield-Bearer (DDFi)            Turns: 1780, Time: 00:03:45

Health: -12/34     AC:  6    Str: 20    XL:     3   Next: 58%
Magic:  3/3        EV:  7    Int:  8    God:
Gold:   86         SH:  9    Dex: 12    Spells: 2/2 levels left

rFire    . . .     SeeInvis .   a - +0 war axe
rCold    . . .     Faith    .   c - +0 kite shield
rNeg     . . .     Spirit   .   b - +0 scale mail
rPois    .         Reflect  .   (no helmet)
rElec    .         Harm     .   (no cloak)
rCorr    .         Rampage  .   (no gloves)
MR       .....                  (no boots)
Stlth    ..........             (no amulet)
HPRegen  0.00/turn              (no ring)
MPRegen  0.08/turn              (no ring)

@: mighty, non-regenerating
A: damage resistance, heal wounds, sense surroundings 1, no regeneration
a: Heal Wounds


You were on level 3 of the Dungeon.
You visited 1 branch of the dungeon, and saw 3 of its levels.

You collected 86 gold pieces.

Inventory:

Hand Weapons
 a - a +0 war axe (weapon)
Missiles
 g - 76 arrows
 n - 28 bolts
Armour
 b - a +0 scale mail (worn)
 c - a +0 kite shield (worn)
Scrolls
 f - 3 scrolls of teleportation {unknown}
 j - 3 scrolls of remove curse {unknown}
 k - a scroll of enchant armour {unknown}
 l - 2 scrolls of enchant weapon {unknown}
 m - a scroll of identify {unknown}
Potions
 e - 4 potions of curing {unknown}
 h - 2 potions of brilliance {unknown}
 i - 2 potions of berserk rage {unknown}
 o - 2 potions of stabbing {unknown}


   Skills:
 + Level 3.0 Fighting
 + Level 3.1 Axes
 + Level 3.6 Armour
 + Level 0.1 Dodging
 + Level 3.9 Shields


You had 2 spell levels left.
You didn't know any spells.
Your spell library was empty.

Dungeon Overview and Level Annotations

Branches:
Dungeon (3/15)

Altars:
Yredelemnul
Zin


Innate Abilities, Weirdness & Mutations

You are resistant to damage.
You can heal yourself by infusing magical energy.
You passively map a small area around you.
You do not regenerate.


Message History

You kill the orc!
You hit the ogre but do no damage. You block the ogre's attack.
You hit the ogre.
The ogre is lightly wounded.
You are no longer poisoned.
The ogre hits you with a +0 giant club!
* * * LOW HITPOINT WARNING * * *
You hit the ogre but do no damage.
The ogre is lightly wounded.
You block the ogre's attack.
You feel very mighty all of a sudden. You block the ogre's attack.
You slash the ogre!
The ogre is severely wounded.
The ogre hits you with a +0 giant club.
* * * LOW HITPOINT WARNING * * *
You barely miss the ogre.
The ogre is severely wounded.
The ogre hits you with a +0 giant club!
You die...

* #. * ### *
#.######### .....#
#.........# .....# ,
#.........# .....## ,
#...††....##....... ,
#....<†............ ,
#..........#....... ,
#..........#....... ,
, #.#......#@........
, .....######O#####...
,
...........#o........,
, ,
.....................
....................
...###.#.##.#...., ,
#, ,...#.# +#*#..,
.....#.. , . * ,,
,,......#... * ,


You could see an ogre and an orc.

Vanquished Creatures
  3 adders
  A leopard gecko (D:1)
  An orc (D:3)
  2 giant cockroaches (D:1)
  3 hobgoblins (D:1)
  3 jackals (D:3)
  2 kobolds (D:1)
  3 bats (D:1)
  3 frilled lizards
  3 rats (D:2)
24 creatures vanquished.

Notes
Turn   | Place    | Note
-------+----------+-------------------------------------------
     0 | D:1      | somkeydreadnuts the Deep Dwarf Fighter began the quest for
                  | the Orb.
     0 | D:1      | Reached XP level 1. HP: 20/20 MP: 1/1
   320 | D:1      | Reached XP level 2. HP: 27/27 MP: 2/2
  1233 | D:2      | Found a basalt altar of Yredelemnul.
  1236 | D:2      | Found a glowing silver altar of Zin.
  1422 | D:2      | Reached XP level 3. HP: 24/34 MP: 3/3
  1768 | D:3      | Noticed an ogre
  1780 | D:3      | Mangled by an ogre

Illustrated notes

Levels and vault maps discovered:
D:1:      heliophobic_arrival_ceremonial_halls, layout_loops_corners
D:2:      layout_basic, chequers_temple_overflow_statue_of_worship
D:3:      layout_basic, gup_sewer_entry_pipe

Skill      XL: |  1  2  3 |
---------------+----------+-----
Fighting       | 3 |  3.0
Axes           | 3 |  3.1
Armour         | |  3.6
Dodging        | |  0.1
Shields        | |  3.9

Action                   || total
-------------------------++-------
Melee: War axe           ||    74
  Use: Potion            ||     1
Armor: Scale mail        ||    28
Dodge: Dodged            ||    28
Block: Kite shield       ||    44

Table legend: (Time is in decaauts)
 A = Elapsed time spent in this place.
 B = Non-inter-level travel time spent in this place.
 C = Inter-level travel time spent in this place.
 D = Time resting spent in this place.
 E = Time spent auto-exploring this place.
 F = Levels seen in this place.
 G = Mean time per level.
                   A        B        C        D        E       F      G
               +--------+--------+--------+--------+--------+-----+--------+
         Total |   1812 |   1812 |      0 |      0 |   1388 |   3 |  604.0 |
       Dungeon |   1812 |   1812 |      0 |      0 |   1388 |   3 |  604.0 |
               +--------+--------+--------+--------+--------+-----+--------+

Top non-repeatable levels by time:
     D:1: 968 daAuts
     D:2: 801 daAuts
     D:3: 42 daAuts
